 Dungeon Crawl Stone Soup version 0.17.1-2-g5865329 (webtiles) character file.

231 PossumBlood the Conjurer (level 5, -3/28 HPs)
             Began as a Deep Elf Conjurer on Jan 21, 2016.
             Shot with an arrow by a centaur (15 damage)
             ... on level 3 of the Dungeon.
             The game lasted 00:13:05 (2027 turns).

PossumBlood the Conjurer (Deep Elf Conjurer)        Turns: 2027, Time: 00:13:05

Health: -3/28      AC:  4    Str:  5    XL:     5   Next: 73%
Magic:  0/11       EV: 13    Int: 21    God:
Gold:   88         SH:  0    Dex: 15    Spells: 3 memorised, 0 levels left

rFire  + . .     SeeInvis .     g - +0 short sword (elec)
rCold  + . .     Clarity  .     e - +1 robe {rC+ rF+}
rNeg   . . .     SustAt   .     (no shield)
rPois  .         Gourm    .     (no helmet)
rElec  .         Spirit   .     (no cloak)
rCorr  .         Warding  .     (no gloves)
rMut   .         Stasis   .     l - +0 pair of boots
MR     .....                    (no amulet)
Stlth  ++........               (no ring)
                                (no ring)

@: not resistant to hostile enchantments, unstealthy
A: no striking features
a: no special abilities


You were on level 3 of the Dungeon.
You were not hungry.

You visited 1 branch of the dungeon, and saw 3 of its levels.

You collected 88 gold pieces.

Inventory:

Hand Weapons
 g - a +0 short sword of electrocution (weapon)
Armour
 e - a +1 robe of resistance (worn)
 l - a +0 pair of boots (worn)
Scrolls
 a - a scroll of identify
 j - a scroll of remove curse
Potions
 h - 2 potions of curing
 i - a potion of berserk rage {unknown}
 k - a potion of might {unknown}
 m - a potion of invisibility {unknown}
Books
 b - a book of Conjurations

   Spells                             Type                      Level
   a - Magic Dart                     Conjuration                  1
   b - Searing Ray                    Conjuration                  2
   c - Dazzling Spray                 Conjuration/Hexes            3
   d - Fulminant Prism                Conjuration/Hexes            4
   e - Iskenderun's Mystic Blast      Conjuration                  4
   f - Iskenderun's Battlesphere      Conjuration/Charms           5
Comestibles
 c - 5 bread rations
 d - 2 fruits


   Skills:
 - Level 2.4 Dodging
 - Level 2.4 Stealth
 - Level 3.0 Spellcasting
 + Level 7.7 Conjurations


You couldn't memorise any spells.
You knew the following spells:

 Your Spells              Type           Power        Failure   Level  Hunger
a - Magic Dart            Conj           ####         1%          1    None
b - Iskenderun's Battles  Conj/Chrm      ###.....     78%         5    ######.
c - Iskenderun's Mystic   Conj           #####...     6%          4    ####...


Dungeon Overview and Level Annotations

Branches:
Dungeon (3/15)

Altars:
Dithmenos
Okawaru
Qazlal
Sif Muna


Message History

The magic dart hits the centaur.
The centaur is severely wounded.
The centaur shoots an arrow.
The arrow hits you!
* * * LOW HITPOINT WARNING * * *
Casting: Magic Dart
Confirm with . or Enter, or press ? or * to list all spells.
Aiming: Magic Dart
Press: ? - help, Shift-Dir - straight line, f/p - centaur
Aim: a centaur, wielding a shortbow (severely wounded)
The magic dart hits the centaur.
The centaur is almost dead.
The centaur shoots an arrow.
The arrow completely misses you.
A giant cockroach comes into view.
Drink which item? (? for menu, Esc to quit)
You feel better.
The giant cockroach waves its antennae.
The centaur shoots an arrow.
The arrow misses you.
The centaur shoots an arrow.
The arrow hits you!
Ouch! That really hurt!
You die...

..#......###..###.# #...#
####..............###..#####
..##.#####.#.###..........(######
.###.# #.#.# #............†....
#'...# # #.# #...........#.###.
#....# #.# #.####..###...# #.
##...# #.###.# #..# #..####.
#...# #####..(..####..# #(...##.
#...# .......(.@......# ##.#.##.
##...# #####.c#######..# #.#.##.
.....# #.> #..# #.#.##. .....#
#.. #..## #.#.##. .....# #..
####.).###.#.##. .....# #.s
...........†...... .....#####.#..
############.##### ...........#(.
### .....#####.#


You could see a centaur.

Vanquished Creatures
  Sigmund (D:3)
  3 adders (D:2)
  An ooze (D:1)
  2 giant geckos
  3 hobgoblins
  2 jackals (D:1)
  7 kobolds
  2 quokkas
  5 bats
  A giant cockroach (D:2)
  3 giant newts
  9 goblins
  4 rats
43 creatures vanquished.

Notes
Turn   | Place    | Note
--------------------------------------------------------------
     0 | D:1      | PossumBlood the Deep Elf Conjurer began the quest for the Orb.
     0 | D:1      | Reached XP level 1. HP: 10/10 MP: 6/6
   259 | D:1      | Reached XP level 2. HP: 15/15 MP: 5/8
   327 | D:1      | Reached skill level 5 in Conjurations
   897 | D:2      | Reached XP level 3. HP: 19/19 MP: 5/9
  1220 | D:2      | Found a deep blue altar of Sif Muna.
  1308 | D:2      | Reached skill level 6 in Conjurations
  1395 | D:2      | Reached XP level 4. HP: 24/24 MP: 6/10
  1594 | D:3      | Noticed Sigmund
  1626 | D:3      | Killed Sigmund
  1626 | D:3      | Reached skill level 7 in Conjurations
  1626 | D:3      | Reached XP level 5. HP: 24/28 MP: 0/11
  1826 | D:3      | Learned a level 5 spell: Iskenderun's Battlesphere
  1831 | D:3      | Learned a level 4 spell: Iskenderun's Mystic Blast
  1851 | D:3      | Found a stormy altar of Qazlal.
  1851 | D:3      | Found a shadowy altar of Dithmenos.
  1852 | D:3      | Found an iron altar of Okawaru.
  2019 | D:3      | Noticed a centaur
  2027 | D:3      | Shot with an arrow by a centaur

Action                   |  1- 3 |  4- 6 || total
-------------------------+-------+-------++-------
Melee: Short sword       |       |    12 ||    12
 Cast: Magic Dart        |    67 |    24 ||    91
       Iskenderun's Myst |       |     5 ||     5
  Use: Scroll            |     4 |     1 ||     5
       Potion            |       |     2 ||     2
  Eat: Pizza             |     1 |       ||     1
       Fruit             |       |     2 ||     2
       Beef jerky        |       |     1 ||     1
